 Dungeon Crawl Stone Soup version 0.30.1-11-g7821555f0a (webtiles) character file.

Game seed: 16907729730832683637

56478 KittyFluff the Tortoise (level 14, 0/135 HPs)
             Began as a Gargoyle Berserker on Nov 4, 2023.
             Was the Champion of Trog.
             Slain by Donald
             ... wielding a +0 broad axe
              (11 damage)
             ... on level 1 of the Orcish Mines.
             The game lasted 01:39:44 (18502 turns).

KittyFluff the Tortoise (Gargoyle Berserker)       Turns: 18502, Time: 01:39:44

Health: 0/135      AC: 33    Str: 32    XL:     14   Next: 81%
Magic:  14/14      EV: 13    Int:  8    God:    Trog [******]
Gold:   1144       SH: 11    Dex: 13    Spells: 13/13 levels left

rFire   + . .        u - +7 hammer of Cheibriados, Writhing {spect, *Corrode rPois rC+++ Dex+4}
rCold   + + +        M - +0 kite shield
rNeg    + + +        r - +2 scale mail {Will+}
rPois   ∞            W - +2 helmet "Sytel" {Contam rF++ rN++}
rElec   +            s - +0 cloak
rCorr   .            v - +0 pair of gloves
SInv    +            Z - +2 pair of boots
Will    +++..        G - amulet of the acrobat Stlth
                     E - ring of willpower
HPRegen 0.42/turn    m - ring of Riavuuf {rF- rC+ Str+6 SInv}
MPRegen 0.14/turn

%: corrode self (3%), acrobat
@: berserking, flying, studying Maces & Flails, very quick
A: sickness immunity, AC +10, big wings, negative energy resistance 1,
electricity resistance, torment resistance 1, petrification resistance
a: Renounce Religion, Berserk, Trog's Hand, Brothers in Arms


You were on level 1 of the Orcish Mines.
You worshipped Trog.
Trog was exalted by your worship.
You visited 3 branches of the dungeon, and saw 19 of its levels.

You collected 1339 gold pieces.
You spent 195 gold pieces at shops.

Inventory:

Hand Weapons
 u - the +7 hammer of Cheibriados, Writhing (weapon) {spect, *Corrode rPois rC+++ Dex+4}
   (You found it on level 3 of the Dungeon)

   Dex:       It affects your dexterity (+4).
   rC:        It renders you almost immune to cold.
   rPois:     It protects you from poison.
   *Corrode:  It may corrode you when you take damage.
 z - the +1 sling "Mirghet" {speed, Dex+4 SInv}
   (You found it on level 1 of the Lair of Beasts)

   Dex:       It affects your dexterity (+4).
   SInv:      It lets you see invisible.
 A - a +4 antimagic great mace
 U - a +7 heavy eveningstar
Missiles
 n - 6 boomerangs
 x - 7 javelins
 H - 4 curare-tipped darts
 O - 6 silver javelins
 Q - 40 poisoned darts (quivered)
Armour
 r - a +2 scale mail of willpower (worn)
 s - a +0 cloak (worn)
 v - a +0 pair of gloves (worn)
 M - a +0 kite shield (worn)
 P - a +1 ring mail of cold resistance
 T - a +0 leather armour of fire resistance
 W - the +2 helmet "Sytel" (worn) {Contam rF++ rN++}
   (You found it on level 9 of the Dungeon)

   rF:        It greatly protects you from fire.
   rN:        It greatly protects you from negative energy.
   Contam:    It causes magical contamination when unequipped.
 Z - a +2 pair of boots (worn)
Jewellery
 c - a ring of ice
 m - the ring of Riavuuf (right hand) {rF- rC+ Str+6 SInv}
   (You acquired it on level 11 of the Dungeon)

   [ring of strength]

   Str:       It affects your strength (+6).
   rF:        It makes you vulnerable to fire.
   rC:        It protects you from cold.
   SInv:      It lets you see invisible.
 y - a ring of see invisible
 E - a ring of willpower (left hand)
 G - an amulet of the acrobat (around neck)
 S - a ring of protection from cold
 Y - an amulet of guardian spirit
Wands
 l - a wand of paralysis (6)
 q - a wand of mindburst (14)
 t - a wand of digging (7)
 w - a wand of flame (39)
 K - a wand of polymorph (5)
Scrolls
 b - 7 scrolls of blinking
 d - 5 scrolls of summoning
 f - 7 scrolls of enchant weapon
 h - 9 scrolls of teleportation
 j - 4 scrolls of immolation
 k - 3 scrolls of poison
 o - 3 scrolls of fog
 F - 2 scrolls of magic mapping
 I - 4 scrolls of fear
 J - 2 scrolls of silence
 V - 3 scrolls of enchant armour
Potions
 e - 3 potions of attraction
 g - 6 potions of might
 i - 6 potions of mutation
 p - 4 potions of lignification
 B - 6 potions of curing {unknown}
 C - a potion of berserk rage {unknown}
 D - 5 potions of haste {unknown}
 L - a potion of degeneration {unknown}
 N - 2 potions of ambrosia {unknown}
 R - a potion of resistance {unknown}
 X - 2 potions of magic {unknown}


   Skills:
 + Level 11.5 Fighting
 * Level 15.1 Maces & Flails
 * Level 15.5 Armour
 - Level 7.4 Dodging
 + Level 8.9 Shields
 - Level 4.4 Evocations


You had 13 spell levels left.
You didn't know any spells.
Your spell library was empty.

Dungeon Overview and Level Annotations

Branches:
Dungeon (12/15)            Temple (0/1) D:6            Lair (5/5) D:11
 Shoals (0/4) Lair:2        Snake (0/4) Lair:2        Slime (0/5) Lair:5
    Orc (2/2) D:9
    Elf: Orc:2

Altars:
Ashenzari
Cheibriados
Dithmenos
Nemelex Xobeh
Okawaru
Qazlal
Ru
Sif Muna
Uskayaw
Wu Jian
Yredelemnul
Zin

Shops:
D:6 :   D:8 [(   Orc:1 ?

Annotations:
D:12 1 transporter
Orc:1 Donald


Innate Abilities, Weirdness & Mutations

You are immune to sickness and miasma.
Your stone body is resilient. (AC +10)
You are immune to poison.
Your large and strong wings let you fly.
You resist negative energy. (rN+)
You are resistant to electric shocks. (rElec)
You are resistant to unholy torment.
You are immune to petrification.


Message History

Donald hits you but does no damage.
Donald hits your +7 hammer of Cheibriados, Writhing {spect, *Corrode rPois rC+++ Dex+4} with a +0 broad axe!
Your spectral weapon shares its damage with you!
Your +7 hammer of Cheibriados, Writhing {spect, *Corrode rPois rC+++ Dex+4} disappears.
* * * LOW HITPOINT WARNING * * *
Donald blocks your attack.
Donald is heavily wounded.
Your +7 hammer of Cheibriados, Writhing {spect, *Corrode rPois rC+++ Dex+4} hits Donald!!
The orc warrior hits you but does no damage.
Donald blocks your attack.
Donald is severely wounded.
Your +7 hammer of Cheibriados, Writhing {spect, *Corrode rPois rC+++ Dex+4} hits Donald!
Donald completely misses you.
Donald hits your +7 hammer of Cheibriados, Writhing {spect, *Corrode rPois rC+++ Dex+4} with a +0 broad axe!
Your spectral weapon shares its damage with you!
* * * LOW HITPOINT WARNING * * *
Donald blocks your attack.
Donald is almost dead.
Donald blocks your +7 hammer of Cheibriados, Writhing {spect, *Corrode rPois rC+++ Dex+4}'s attack.
You block Donald's attack.
Donald hits your +7 hammer of Cheibriados, Writhing {spect, *Corrode rPois rC+++ Dex+4} but does no damage.
The orc warrior hits you but does no damage.
Donald blocks your attack.
Donald is almost dead.
Donald blocks your +7 hammer of Cheibriados, Writhing {spect, *Corrode rPois rC+++ Dex+4}'s attack.
Donald hits your +7 hammer of Cheibriados, Writhing {spect, *Corrode rPois rC+++ Dex+4} with a +0 broad axe!
Your spectral weapon shares its damage with you!
Your +7 hammer of Cheibriados, Writhing {spect, *Corrode rPois rC+++ Dex+4} disappears.
Donald hits you but does no damage.
* * * LOW HITPOINT WARNING * * *
You block the orc warrior's attack. Donald blocks your attack.
Donald shouts!
Donald is almost dead.
Your +7 hammer of Cheibriados, Writhing {spect, *Corrode rPois rC+++ Dex+4} hits Donald!
Donald hits your +7 hammer of Cheibriados, Writhing {spect, *Corrode rPois rC+++ Dex+4} with a +0 broad axe!!
Your spectral weapon shares its damage with you!
Your +7 hammer of Cheibriados, Writhing {spect, *Corrode rPois rC+++ Dex+4} disappears.
Donald hits you with a +0 broad axe!
You die...

#....##..##.))))........
##.##.....#.)#.##.#####.
###........[###### ##
##.........####
######..........#
##.###.#...#...#.#
#....#......#.#..###
##.#..@......∩.....###
#.....@##..#.#......##
#.......o..#...#......#
####.#.#...[[).....###.##
#..######..[÷.....## ###
###..#.# #..#...#..##
#.##...# ####...#...#
#####.....#######?..#.##
##..#.........#.....####
#.......##......))<.##


You could see Donald (fast, strong, unaware, reflecting) and an orc warrior.

Vanquished Creatures
  Gastronok (Lair:2)
  Snorg (Lair:4)
  Erolcha (Orc:2)
  A hydra (Lair:5)
  A catoblepas (Lair:5)
  5 two-headed ogres
  11 death yaks
  A deep troll shaman (Lair:5)
  Urug (D:10)
  Nergalle (D:10)
  Amaemon (Lair:3)
  A skyshark (Lair:3)
  3 lindwurms
  2 deep elf pyromancers
  Pikel (D:4)
  An orc sorcerer (Orc:1)
  4 oklob plants (Lair:1)
  13 elephants
  A cyclops (D:7)
  2 black mambas
  Joseph (D:7)
  7 cane toads
  3 gargoyles
  An orange demon (Lair:3)
  Maggie (D:10)
  2 unseen horrors
  7 komodo dragons
  A rime drake (Lair:2)
  4 trolls
  3 polar bears
  13 blink frogs
  2 hornets
  A snapping turtle (Lair:2)
  2 wraiths
  Sigmund (D:3)
  3 wyverns
  7 basilisks
  47 yaks
  2 steam dragons
  5 vampire mosquitoes
  A warg (Orc:1)
  3 nagas (Lair:2)
  16 water moccasins
  3 ice beasts (D:7)
  4 sky beasts
  12 orc warriors
  2 black bears (Lair:5)
  6 ogres
  13 wolves
  4 centaurs
  3 phantoms
  4 kobold brigands
  12 bullfrogs
  Blork the orc (D:5)
  4 gnoll sergeants
  7 scorpions
  13 wights
  9 killer bees
  An electric eel (Lair:2)
  2 howler monkeys
  A lava snake (D:8)
  6 orc priests
  Crazy Yiuf (D:3)
  4 gnoll boudas
  5 hounds
  A jelly (D:7)
  5 sleepcaps
  4 iguanas
  14 orc wizards
  6 hell rats
  A mummy (D:8)
  22 gnolls
  7 adders
  A shadow imp (D:6)
  3 white imps (D:7)
  3 ufetubi
  A worm (D:2)
  3 dart slugs
  48 orcs
  8 ball pythons
  5 bats
  7 endoplasms
  2 giant cockroaches
  8 goblins
  7 hobgoblins
  4 jackals (D:1)
  18 kobolds
  3 quokkas
  4 frilled lizards
  10 rats
498 creatures vanquished.

Vanquished Creatures (others)
  8 spectral weapons
8 creatures vanquished.

Grand Total: 506 creatures vanquished

Notes
Turn   | Place    | Note
-------+----------+-------------------------------------------
     0 | D:1      | KittyFluff the Gargoyle Berserker began the quest for the
                  | Orb.
     0 | D:1      | Reached XP level 1. HP: 14/14 MP: 1/1
   197 | D:1      | Reached XP level 2. HP: 19/19 MP: 2/2
   534 | D:1      | Reached XP level 3. HP: 23/23 MP: 3/3
   866 | D:2      | Reached ** piety under Trog
  2094 | D:2      | Reached XP level 4. HP: 28/28 MP: 4/4
  2178 | D:3      | Noticed Sigmund
  2186 | D:3      | Killed Sigmund
  2187 | D:3      | Reached XP level 5. HP: 28/33 MP: 5/5
  2253 | D:3      | Found a stormy altar of Qazlal.
  2281 | D:3      | Reached XP level 6. HP: 37/38 MP: 6/6
  2414 | D:3      | Found a runed translucent door.
  2416 | D:3      | Noticed Crazy Yiuf
  2427 | D:3      | Killed Crazy Yiuf
  2474 | D:3      | Identified the +7 hammer of Cheibriados, Writhing {spect,
                  | *Corrode rPois rC+++ Dex+4}
  2873 | D:4      | Noticed Pikel
  2886 | D:4      | HP: 1/39 [lemure[Pikel] (3)]
  2889 | D:4      | Killed Pikel
  2890 | D:4      | Reached skill level 5 in Fighting
  2890 | D:4      | Reached skill level 5 in Maces & Flails
  2890 | D:4      | Reached skill level 5 in Armour
  2890 | D:4      | Reached XP level 7. HP: 4/44 MP: 7/7
  3071 | D:4      | Found a broken altar of Ashenzari.
  3071 | D:4      | Found an ornate altar of the Wu Jian Council.
  3106 | D:4      | Found a shadowy altar of Dithmenos.
  3243 | D:4      | Reached XP level 8. HP: 36/49 MP: 8/8
  3271 | D:4      | Found a hide-covered altar of Uskayaw.
  3271 | D:4      | Found a shimmering blue altar of Sif Muna.
  3341 | D:4      | Reached *** piety under Trog
  3583 | D:5      | Entered Level 5 of the Dungeon
  3600 | D:5      | Noticed Blork the orc
  3607 | D:5      | Killed Blork the orc
  5041 | D:6      | Reached XP level 9. HP: 55/55 MP: 9/9
  5235 | D:6      | Found Zuuxkegge's Book Shoppe.
  5485 | D:6      | Found a staircase to the Ecumenical Temple.
  5750 | D:7      | Noticed a hornet
  5835 | D:7      | Reached **** piety under Trog
  5853 | D:6      | Killed a hornet
  6209 | D:7      | Reached XP level 10. HP: 38/61 MP: 10/10
  6391 | D:6      | Reached skill level 5 in Dodging
  6667 | D:7      | Noticed Joseph
  6731 | D:7      | Killed Joseph
  6828 | D:7      | Noticed a two-headed ogre
  6836 | D:7      | Killed a two-headed ogre
  6837 | D:7      | Reached skill level 1 in Shields
  7145 | D:7      | Reached skill level 10 in Armour
  7150 | D:7      | Noticed a cyclops
  7152 | D:7      | Reached ***** piety under Trog
  7301 | D:7      | Killed a cyclops
  7471 | D:7      | Noticed a deep elf pyromancer
  7483 | D:7      | Killed a deep elf pyromancer
  7495 | D:7      | Reached XP level 11. HP: 55/68 MP: 11/11
  7499 | D:7      | Reached skill level 10 in Maces & Flails
  8096 | D:8      | Found Marduk's Dragon-Slaying Spoils.
  8538 | D:8      | Found Tufih's Antique Weapon Boutique.
  8809 | D:8      | Found a snail-covered altar of Cheibriados.
  8889 | D:8      | Found a glowing silver altar of Zin.
  8889 | D:8      | Noticed an angel
  9237 | D:9      | Identified the +2 helmet "Sytel" {Contam rF++ rN++}
  9264 | D:9      | Noticed a two-headed ogre
  9278 | D:9      | Killed a two-headed ogre
  9601 | D:9      | Noticed a two-headed ogre
  9611 | D:9      | Killed a two-headed ogre
  9706 | D:9      | Received a gift from Trog
  9738 | D:9      | Identified 2 scrolls of acquirement
  9786 | D:9      | You are sucked into a shaft and drop 3 floors!
  9878 | D:12     | Noticed a skeletal warrior
  9879 | D:12     | Found a transporter.
  9880 | D:12     | Noticed a vampire knight
  9886 | D:12     | Identified the +5 trident of Departure {antimagic, rElec
                  | rC++ Will-}
  9902 | D:12     | Noticed a deep elf pyromancer
  9907 | D:12     | Killed a deep elf pyromancer
  9970 | D:12     | Reached XP level 12. HP: 75/75 MP: 12/12
 10087 | D:11     | Noticed a death yak
 10090 | D:11     | Found a staircase to the Lair.
 10107 | D:11     | Killed a death yak
 10108 | D:11     | Reached skill level 5 in Shields
 10114 | D:11     | Noticed a death yak
 10115 | D:11     | Noticed a death yak
 10138 | D:11     | Killed a death yak
 10151 | D:11     | Killed a death yak
 10340 | D:11     | Noticed a two-headed ogre
 10347 | D:11     | Killed a two-headed ogre
 10652 | D:10     | Entered Level 10 of the Dungeon
 10713 | D:10     | Noticed Nergalle
 10723 | D:10     | Killed Nergalle
 10761 | D:10     | Noticed Maggie
 10770 | D:10     | Killed Maggie
 10784 | D:9      | Found a staircase to the Orcish Mines.
 11775 | D:10     | Noticed Urug
 11787 | D:10     | Paralysed by Urug for 2 turns
 11790 | D:10     | Killed Urug
 11984 | D:10     | Noticed a two-headed ogre
 11989 | D:10     | Killed a two-headed ogre
 12250 | D:10     | Found a sacrificial altar of Ru.
 12250 | D:10     | Found a basalt altar of Yredelemnul.
 12256 | D:10     | Found an iron altar of Okawaru.
 12258 | D:10     | Found a sparkling altar of Nemelex Xobeh.
 12260 | D:10     | Found a faded altar of an unknown god.
 12407 | D:11     | Identified the +2 spear of Skirmishing {flame, rPois rN++
                  | Str-2}
 12725 | Lair:1   | Entered Level 1 of the Lair of Beasts
 12845 | Lair:1   | Reached XP level 13. HP: 82/82 MP: 13/13
 12885 | Lair:1   | Identified the +1 sling "Mirghet" {speed, Dex+4 SInv}
 13196 | Lair:1   | Reached skill level 10 in Fighting
 13876 | Lair:2   | Reached skill level 1 in Evocations
 13892 | Lair:2   | Found a staircase to the Shoals.
 13907 | Lair:2   | Noticed Gastronok
 13923 | Lair:2   | Killed Gastronok
 14088 | Lair:2   | Received a gift from Trog
 14278 | Lair:2   | Found a staircase to the Snake Pit.
 14837 | Lair:3   | Noticed Amaemon
 14852 | Lair:3   | Killed Amaemon
 15239 | Lair:3   | Gained mutation: Your large and strong wings let you fly.
                  | [Gargoyle growth]
 15239 | Lair:3   | Reached XP level 14. HP: 31/88 MP: 14/14
 15560 | Lair:4   | Noticed Snorg
 15570 | Lair:4   | Killed Snorg
 16309 | Lair:4   | Acquired the ring of Riavuuf {rF- rC+ Str+6 SInv}
 16310 | Lair:4   | Acquired a manual of Maces & Flails
 16316 | Lair:5   | Entered Level 5 of the Lair of Beasts
 16450 | Lair:5   | Received a gift from Trog
 16476 | Lair:5   | Reached skill level 15 in Armour
 16492 | Lair:5   | Found a staircase to the Slime Pits.
 17996 | Orc:1    | Entered Level 1 of the Orcish Mines
 18033 | Orc:1    | Reached skill level 15 in Maces & Flails
 18109 | Orc:1    | Found Wybisuv's Magic Scroll Shop.
 18159 | Orc:1    | Bought a scroll of identify for 34 gold pieces
 18159 | Orc:1    | Bought a scroll of blinking for 127 gold pieces
 18159 | Orc:1    | Bought a scroll of identify for 34 gold pieces
 18260 | Orc:1    | Reached ****** piety under Trog
 18421 | Orc:2    | Entered Level 2 of the Orcish Mines
 18421 | Orc:2    | Noticed Erolcha
 18423 | Orc:2    | Killed Erolcha
 18438 | Orc:2    | Received a gift from Trog
 18450 | Orc:2    | Noticed Donald
 18502 | Orc:1    | Slain by Donald

Illustrated notes

Levels and vault maps discovered:
D:1:      tarquinn_simple_flora_water_f, layout_basic
D:2:      layout_basic, kennysheep_another_room
D:3:      layout_basic, mainiacjoe_overflow_small_starburst, chequers_arboretum,
          minmay_misc_feat_more_columns, wander_ebering_terrifying_dragon_lair,
          uniq_sigmund, uniq_crazy_yiuf_cottage
D:4:      layout_loops_ring, chequers_temple_overflow_statue_of_worship,
          grunt_dithmenos_smoke, gammafunk_temple_overflow_elements, uniq_pikel
D:5:      layout_basic, hex_tiny, uniq_blork_the_orc
D:6:      layout_loops_ring, minmay_temple_entry_drinking_statues, serial_shops,
          shop
D:7:      minmay_the_grid_octo_tiled_octocenter [minmay_the_grid_octo_focus,
          minmay_the_grid_octo_fan_narrow, minmay_the_grid_octo_tetromino_candy,
          minmay_the_grid_octo_horde, minmay_the_grid_octo_prize_star,
          minmay_the_grid_square_5x5_hollow_slash, minmay_the_grid_square_5x5_z,
          minmay_the_grid_square_5x5_three_walls,
          minmay_the_grid_square_5x5_detours], layout_rooms, interstate_on_off,
          grunt_potential, uniq_joseph
D:8:      layout_loops_ring, zin_angel, slow_altar_2, nicolae_shop_dragon_depot,
          kennysheep_diamond, nicolae_grassy_gnolls
D:9:      wad_pebble_path, layout_irregular_city, orc_0_dummy, serial_rivers,
          chequers_serial_rivers_micro_e, chequers_serial_rivers_large_b,
          chequers_serial_rivers_micro_d, chequers_serial_rivers_micro_c,
          hangedman_minor_gate_pass
D:10:     layout_loops_ring, chequers_temple_overflow_minitemple, uniq_nergalle,
          uniq_maggie, uniq_urug
D:11:     layout_loops_ring, dpeg_lair_monsters, gauntlet_entry_generic,
          wad_floor_pattern_untrapped, minmay_fountain_box
D:12:     layout_roguey, gammafunk_ghost_mausoleum, minmay_three_doors,
          uniq_jorgrun, uniq_lodul
Lair:1:   minmay_lair_oklob_tunnel, layout_hall_layers, serial_bayou_shore_a
Lair:2:   layout_gridlike, minmay_shoals_entry_hut,
          minmay_snake_entry_guardpost_small, lemuel_fruit_fields,
          grunt_megastairs_2, uniq_gastronok
Lair:3:   layout_regular_city, st_stairs_11, infiniplex_staircase_pool_2,
          uniq_amaemon
Lair:4:   layout_roguey, uniq_snorg
Lair:5:   grunt_lair_end_beastmaster, layout_big_grid, slime_entry_1,
          kennysheep_basilisk_garden, infiniplex_staircase_pool
Orc:1:    layout_diamond_mine, serial_shops, nicolae_shop_advertising_works
          [nicolae_subvault_shop_adworks]
Orc:2:    st_orc_town, layout_diamond_mine, uniq_donald, uniq_josephine,
          uniq_erolcha

Skill      XL: |  1  2  3  4  5  6  7  8  9 10 11 12 13 14 |
---------------+-------------------------------------------+-----
Armour         | 3 4 5 7 9 10 11 13 14 15 | 15.5
Dodging        | 2 3 4 5 6 7 |  7.4
Fighting       | 4 5 6 7 8 9 10 11 | 11.5
Maces & Flails | 4 5 7 8 9 11 12 13 15 | 15.1
Shields        | 2 4 6 7 8 |  8.9
Evocations     | 3 4 |  4.4

Action                     |  1- 3 |  4- 6 |  7- 9 | 10-12 | 13-15 || total
---------------------------+-------+-------+-------+-------+-------++-------
  Melee: Mace              |   141 |    77 |   188 |   707 |   740 ||  1853
         Punch             |       |     1 |     1 |     1 |       ||     3
  Throw: Dart              |       |       |       |     1 |       ||     1
 Invoke: Berserk           |     1 |     3 |     1 |     3 |     4 ||    12
    Use: Scroll            |       |     6 |     1 |     6 |    14 ||    27
         Potion            |       |       |       |       |     1 ||     1
   Stab: Sleeping          |       |       |     2 |       |       ||     2
         Distracted        |       |       |       |     5 |     7 ||    12
 Armour: Animal skin       |    46 |       |       |       |       ||    46
         Leather armour    |    15 |    37 |    58 |     1 |       ||   111
         Scale mail        |       |       |       |   228 |   284 ||   512
  Dodge: Dodged            |    91 |    58 |   135 |   331 |   309 ||   924
  Block: Kite shield       |       |       |       |   219 |   270 ||   489
